 Dungeon Crawl Stone Soup version 0.31-a0-210-gccc998df9b (webtiles) character file.

Game seed: 18138862568782642978

95 qw the Shooter (level 4, -1/26 HPs)
             Began as a Gargoyle Hexslinger on June 29, 2023.
             Slain by Grinder (2 damage)
             ... on level 2 of the Dungeon.
             The game lasted 00:00:41 (1558 turns).

qw the Shooter (Gargoyle Hexslinger)                Turns: 1558, Time: 00:00:42

Health: -1/26      AC:  9    Str: 11    XL:     4   Next: 65%
Magic:  5/5        EV: 10    Int: 14    God:
Gold:   38         SH:  0    Dex: 14    Spells: 4/5 levels left

rFire   . . .        Y - +1 sling
rCold   + . .        (no shield)
rNeg    + . .        b - +0 ring mail {rC+}
rPois   inf          (no helmet)
rElec   +            f - +0 cloak
rCorr   .            (no gloves)
SInv    .            (no boots)
Will    .....        (no amulet)
Stlth   +            (no ring)
HPRegen 0.24/turn    (no ring)
MPRegen 0.09/turn

%: no passive effects
@: no status effects
A: sickness immunity, AC +3, negative energy resistance 1, electricity
resistance, torment resistance 1, petrification resistance
a: no special abilities


You were on level 2 of the Dungeon.
You visited 1 branch of the dungeon, and saw 3 of its levels.

You collected 78 gold pieces.
You spent 40 gold pieces at shops.


Innate Abilities, Weirdness & Mutations

You are immune to sickness and miasma.
Your stone body is resilient. (AC +3)
You are immune to poison.
You resist negative energy. (rN+)
You are resistant to electric shocks. (rElec)
You are resistant to unholy torment.
You are immune to petrification.


   Skills:
 - Level 2.0 Fighting
 + Level 4.1 Ranged Weapons
 - Level 1.4 Armour
 - Level 1.5 Dodging
 - Level 1.0 Spellcasting
 - Level 2.6 Hexes


You had 4 spell levels left.
You knew the following spells:

 Your Spells              Type           Power      Damage    Failure   Level
a - Slow                  Hex            32%        N/A       21%         1

Your spell library contained the following spells:

 Spells                   Type           Power      Damage    Failure   Level
 Inner Flame              Hex/Fire       4%         N/A       71%         3
 Portal Projectile        Hex/Tloc       8%         N/A       71%         3
 Cause Fear               Hex            4%         N/A       90%         4

Inventory:

Hand Weapons
 Y - a +1 sling (weapon)
Armour
 b - a +0 ring mail of cold resistance (worn)
 f - a +0 cloak (worn)
Scrolls
 e - 2 scrolls of identify
Potions
 g - a potion of curing

Dungeon Overview and Level Annotations

Branches:
Dungeon (3/15)

Altars:
Dithmenos

Shops:
D:1 ?

Annotations:
D:2 Grinder


Message History

You shoot a sling bullet. The sling bullet barely misses Grinder.
Grinder hits you.
You writhe in agony.
1545 ||| STAIRDANCE Grinder hits you but does no damage.
You climb upwards.
There is a stone staircase leading down here.
You shoot a sling bullet.
The sling bullet closely misses Grinder.
Grinder barely misses you.
You shoot a sling bullet. The sling bullet hits Grinder.
Grinder is lightly wounded.
Grinder hits you! x2
You shoot a sling bullet. The sling bullet barely misses Grinder.
Grinder barely misses you.
You shoot a sling bullet. The sling bullet barely misses Grinder.
Grinder hits you but does no damage.
You shoot a sling bullet. The sling bullet hits Grinder.
Grinder is lightly wounded.
Grinder hits you. Grinder hits you but does no damage.
You shoot a sling bullet.
The sling bullet completely misses Grinder.
Grinder hits you but does no damage.
You shoot a sling bullet. The sling bullet hits Grinder.
Grinder is lightly wounded.
Grinder closely misses you.
You shoot a sling bullet. The sling bullet barely misses Grinder.
Grinder barely misses you.
You shoot a sling bullet. The sling bullet hits Grinder.
Grinder is lightly wounded.
Grinder hits you but does no damage. x2
You shoot a sling bullet. The sling bullet barely misses Grinder.
Grinder says, "Mostly I couldn't keep them alive."
Grinder barely misses you.
You shoot a sling bullet. The sling bullet hits Grinder.
Grinder is moderately wounded.
Grinder hits you. Grinder completely misses you.
You shoot a sling bullet.
The sling bullet closely misses Grinder.
Grinder hits you.
You writhe in agony.
You die...

..........# #..#
..........## #..#
.....####..#####..#
..............##..#
...#.##.....#.##..#
...#.##.....#.##..#
####.##...........#
#.#####..###5.## ##.#
#...###@# ###..###
#.#.# #%#####
.......###.#.###.....#
.......##..#..##.....#
.......##.###.##.....#
########..###...)....#
#...###<........#
#.### #.####.(..#
##.#####.# #....#


You could see Grinder.

Vanquished Creatures
  Terence (D:2)
  An adder (D:2)
  3 worms (D:2)
  2 dart slugs
  6 endoplasms
  7 goblins
  6 hobgoblins
  4 jackals
  4 kobolds
  2 quokkas
  A ball python (D:2)
  4 bats
  4 frilled lizards
  3 rats
48 creatures vanquished.

Notes
Turn   | Place    | Note
-------+----------+-------------------------------------------
     0 | D:1      | qw the Gargoyle Hexslinger began the quest for the Orb.
     0 | D:1      | Reached XP level 1. HP: 12/12 MP: 2/2
     0 | D:1      | 0 ||| qw: Version: 0.3-a-24-g62f9e04
     0 | D:1      | 0 ||| qw: Game counter: 6705
     0 | D:1      | 0 ||| qw: Melee chars always use a shield: true
     0 | D:1      | 0 ||| qw: God list: Okawaru
     0 | D:1      | 0 ||| qw: Allow faded altars: false
     0 | D:1      | 0 ||| qw: Do Orc after clearing Dungeon:15 true
     0 | D:1      | 0 ||| qw: Do second Lair branch before Depths: true
     0 | D:1      | 0 ||| qw: Lair rune preference: random
     0 | D:1      | 0 ||| qw: Goals: Normal
     0 | D:1      | 0 ||| PLANNING D:1-11
     1 | D:1      | Noticed an electric eel
   140 | D:1      | Reached XP level 2. HP: 16/16 MP: 3/3
   232 | D:1      | Reached skill level 3 in Ranged Weapons
   462 | D:1      | Reached XP level 3. HP: 21/21 MP: 4/4
   657 | D:1      | Found Olong's Magic Scroll Boutique.
   660 | D:1      | 660 ||| SHOPLISTING scroll of enchant weapon (75 gold, have
                  | 41).
   660 | D:1      | 660 ||| BUYING scroll of identify (20 gold).
   660 | D:1      | Bought a scroll of identify for 20 gold pieces
   660 | D:1      | 660 ||| BUYING scroll of identify (20 gold).
   660 | D:1      | Bought a scroll of identify for 20 gold pieces
   660 | D:1      | 660 ||| SHOPLISTING scroll of identify (20 gold, have 1).
   660 | D:1      | 660 ||| SHOPLISTING scroll of teleportation (30 gold, have
                  | 1).
   660 | D:1      | 660 ||| READING 2 scrolls of identify.
   660 | D:1      | 660 ||| IDENTIFYING clear potion
   661 | D:1      | 661 ||| DROPPING scroll of poison.
   662 | D:1      | 662 ||| DROPPING potion of lignification.
   821 | D:2      | Found a shadowy altar of Dithmenos.
  1092 | D:2      | Reached XP level 4. HP: 26/26 MP: 5/5
  1242 | D:2      | Reached skill level 4 in Ranged Weapons
  1396 | D:2      | 1396 ||| UPGRADING to +0 ring mail of cold resistance.
  1406 | D:2      | 1406 ||| DROPPING +0 robe.
  1407 | D:2      | 1407 ||| UPGRADING to +0 cloak.
  1412 | D:2      | 1412 ||| READING scroll labelled PUNUICWUUTU.
  1415 | D:2      | 1415 ||| DRINKING 2 grey potions.
  1416 | D:2      | 1416 ||| READING 4 scrolls of identify.
  1416 | D:2      | 1416 ||| IDENTIFYING ruby potion
  1417 | D:2      | 1417 ||| READING 3 scrolls of identify.
  1417 | D:2      | 1417 ||| IDENTIFYING lumpy silvery potion
  1418 | D:2      | 1418 ||| DROPPING potion of brilliance.
  1456 | D:3      | Noticed Terence
  1459 | D:3      | 1459 ||| STAIRDANCE
  1466 | D:2      | HP: 2/26 [Terence/+0 mace (5)]
  1467 | D:2      | 1467 ||| DRINKING potion of heal wounds.
  1470 | D:2      | Killed Terence
  1471 | D:2      | Reached skill level 1 in Armour
  1501 | D:3      | Noticed Grinder
  1513 | D:3      | 1513 ||| STAIRDANCE
  1545 | D:3      | 1545 ||| STAIRDANCE
  1548 | D:2      | HP: 5/26 [Grinder (8)]
  1557 | D:2      | HP: 2/26 [Grinder (4)]
  1558 | D:2      | Slain by Grinder

Levels and vault maps discovered:
D:1:      arrival_aquarium_a, layout_basic, serial_shops, nicolae_shop_rolled_up
D:2:      minmay_thinvault, layout_rooms, minmay_hexomino_r4
D:3:      layout_rooms, mainiacjoe_overflow_small_starburst,
          chequers_ecumenical_altar_grove, hangedman_decor_lopped, uniq_terence,
          uniq_grinder

Skill      XL: |  1  2  3  4 |
---------------+-------------+-----
Ranged Weapons | 3 4 |  4.1
Fighting       | 2 |  2.0
Armour         | 1 |  1.4
Dodging        | |  1.5
Spellcasting   | |  1.0
Hexes          | |  2.6

Action                     |  1- 3 |  4- 6 || total
---------------------------+-------+-------++-------
   Fire: Sling             |   116 |    57 ||   173
    Use: Scroll            |     1 |     3 ||     4
         Potion            |       |     2 ||     2
 Armour: Robe              |    14 |     2 ||    16
         Ring mail         |       |    32 ||    32
  Dodge: Dodged            |    39 |    32 ||    71

Table legend:
 A = Non-vault XP
 B = Vault XP
 C = Vault XP percentage of total XP
 D = Non-vault monster count
 E = Vault monster count
 F = Vault count percentage of total count
                 A         B        C        D         E       F
            +---------+---------+-------+---------+---------+-------
      Total |      71 |      65 |  47.8 |      35 |      13 |  27.1
            +---------+---------+-------+---------+---------+-------
        D:1 |      34 |       0 |   0.0 |      19 |       0 |   0.0
        D:2 |      29 |      65 |  69.1 |      12 |      13 |  52.0
        D:3 |       8 |       0 |   0.0 |       4 |       0 |   0.0
            +---------+---------+-------+---------+---------+-------
